Map: New Gettysburg LE

Players

ThePatriarch - Winner!

  • Race: Terran Terran
  • League: Silver
  • Spawn Location: 5:00

Fropez

  • Race: Protoss Protoss
  • League: Gold
  • Spawn Location: 7:00

VOD

Have the link to the VOD?

Description

Time

  • Played on: Oct. 26, 2016, 4:03 p.m.
  • Length: 11:09
Show
View Real Time Build Order
Export as new Build Order

ThePatriarch Terran - Winner!

Build Orders: MMM Bio 

Get SALT Encoding   

  12  0:01  SCV  
  13  0:13  SCV  
  14  0:24  Supply Depot  
  14  0:25  SCV  
  15  0:46  SCV  
  15  0:47  Barracks  
  16  0:52  Refinery  
  16  0:58  SCV  
  17  1:10  SCV  
  18  1:22  SCV  
  19  1:34  SCV  
  20  1:46  SCV  
  20  1:47  Marine  
  21  1:54  Supply Depot  
  22  2:07  SCV  
  23  2:15  Reaper  
  24  2:26  Orbital Command  
  24  2:39  Command Center  
  24  2:46  Barracks  
  24  2:50  Refinery  
  24  3:07  SCV  
  24  3:08  Command Center  
  24  3:10  Barracks Reactor  
  25  3:22  Supply Depot x2  
  25  3:39  SCV  
  26  3:41  Barracks Tech Lab  
  26  3:49  Supply Depot  
  26  3:50  Factory  
  26  3:54  SCV  
  26  3:55  Bunker  
  28  3:57  Marine  
  28  3:58  Marine  
  28  4:00  SCV  
  30  4:12  Stimpack  
  30  4:15  Orbital Command  
  30  4:20  Marine x2  
  32  4:36  Engineering Bay  
  32  4:40  Engineering Bay  
  32  4:42  Factory Tech Lab  
  32  4:46  Supply Depot  
  32  4:51  SCV  
  33  4:54  SCV  
  34  5:03  SCV, Planetary Fortress  
  34  5:06  SCV  
  36  5:15  SCV  
  36  5:16  Marine x2  
  36  5:18  SCV  
  40  5:26  Siege Tank  
  40  5:27  SCV  
  44  5:30  SCV  
  44  5:35  Starport  
  45  5:40  Starport  
  45  5:41  SCV x2  
  45  5:42  SCV  
  48  5:45  Refinery  
  48  5:49  Refinery  
  48  5:53  SCV  
  49  6:04  Marine x2  
  48  6:05  Siege Tank  
  48  6:06  SCV  
  53  6:12  Combat Shields  
  54  6:32  SCV  
  54  6:33  SCV x2  
  54  6:36  Starport Reactor, Starport Tech Lab  
  56  6:45  Marine x2, SCV x3  
  56  6:46  Marauder  
  63  6:47  Terran Infantry Weapons Level 1, Terran Infantry Armor Level 1  
  63  6:57  SCV x3, Supply Depot  
  63  6:59  Supply Depot  
  66  7:09  SCV x3  
  66  7:14  Medivac  
  71  7:16  Medivac  
  71  7:21  SCV x3  
  76  7:23  Missile Turret  
  76  7:30  Medivac, Missile Turret  
  76  7:33  SCV x3  
  81  7:37  Refinery  
  81  7:39  Refinery  
  81  7:44  Concussive Shells  
  81  7:45  SCV x3, Supply Depot  
  81  7:46  Marine, Marauder  
  81  7:47  Supply Depot  
  81  7:48  Marine  
  88  7:57  SCV x2  
  88  7:58  SCV  
  91  8:01  Medivac  
  93  8:07  Medivac  
  93  8:09  SCV x2  
  93  8:10  SCV  
  100  8:17  Medivac  
  100  8:21  SCV  
  100  8:22  SCV x2  
  103  8:29  Armory  
  103  8:33  SCV  
  103  8:34  SCV x2  
  103  8:52  Missile Turret  
  103  8:53  Missile Turret x2  
  103  8:54  Missile Turret  
  103  8:59  Marine x2  
  107  9:10  Marauder  
  107  9:18  Supply Depot  
  107  9:20  Supply Depot, Missile Turret  
  107  9:21  Supply Depot x2  
  107  9:24  Starport Reactor, Starport Tech Lab  
  109  9:31  Marauder  
  109  9:43  Barracks  
  109  9:45  Supply Depot  
  109  9:46  Barracks  
  109  9:47  Supply Depot  
  109  9:51  Supply Depot  
  109  10:01  Marine x2, Marauder  
  109  10:04  Siege Tank  
  116  10:16  Barracks  
  116  10:18  Marine  
  116  10:19  Marine  
  118  10:22  Marauder  
  118  10:25  Barracks  
  118  10:26  Barracks  
  120  10:34  Supply Depot  
  115  10:36  Siege Tank  
  115  10:38  Supply Depot  
  113  10:48  Marauder  
  113  10:49  Barracks Reactor, Barracks Tech Lab  
  115  10:50  Marine x2  
  117  10:58  Supply Depot  
Show
View Real Time Build Order
Export as new Build Order

Fropez Protoss 

Build Orders: 1 Gate Expand 

Get SALT Encoding   

  12  0:01  Probe (Chrono Boost)  
  13  0:11  Probe (Chrono Boost)  
  14  0:18  Pylon  
  14  0:23  Probe (Chrono Boost)  
  15  0:38  Probe (Chrono Boost), Gateway  
  16  1:19  Probe (Chrono Boost)  
  17  1:29  Nexus  
  17  1:30  Probe (Chrono Boost)  
  17  1:31  Pylon  
  18  1:40  Probe (Chrono Boost)  
  19  1:54  Pylon  
  19  1:59  Probe (Chrono Boost)  
  20  2:05  Assimilator  
  19  2:08  Cybernetics Core  
  19  2:12  Assimilator  
  20  2:15  Probe (Chrono Boost)  
  20  2:16  Pylon  
  20  2:36  Gateway  
  20  2:38  Probe (Chrono Boost)  
  21  2:49  Warp Gate (Chrono Boost)  
  23  2:52  Gateway, Stalker (Chrono Boost)  
  23  2:59  Probe  
  23  3:02  Probe  
  25  3:11  Probe  
  26  3:13  Probe  
  27  3:24  Stalker (Chrono Boost)  
  27  3:26  Gateway  
  31  3:29  Probe  
  31  3:30  Probe, Stalker (Chrono Boost)  
  33  3:44  Stalker (Chrono Boost)  
  33  3:48  Mothership Core  
  37  3:49  Probe  
  38  3:58  Stalker  
  38  4:00  Probe  
  41  4:09  Probe  
  42  4:10  Twilight Council  
  42  4:18  Probe  
  42  4:23  Pylon  
  43  4:33  Probe x2  
  43  4:34  Robotics Facility  
  45  4:39  Pylon  
  45  4:45  Probe  
  45  4:46  Probe  
  47  4:53  Blink (Chrono Boost)  
  47  4:58  Probe  
  48  5:00  Probe  
  48  5:03  Assimilator  
  49  5:10  Adept x4  
  57  5:18  Probe  
  58  5:25  Probe  
  59  5:30  Probe  
  59  5:32  Assimilator  
  60  5:35  Probe  
  60  5:37  Warp Prism  
  60  5:42  Probe  
  64  5:47  Probe, Gateway  
  64  5:49  Forge  
  61  6:23  Adept x3  
  61  6:24  Adept, Probe  
  70  6:26  Probe  
  65  6:33  Pylon  
  65  6:34  Pylon  
  65  6:35  Pylon  
  65  6:37  Probe x2  
  67  6:46  Protoss Ground Weapons Level 1 (Chrono Boost)  
  67  6:49  Probe  
  67  6:52  Gateway  
  68  6:55  Gateway  
  68  7:11  Photon Cannon  
  68  7:13  Probe  
  68  7:14  Photon Cannon  
  69  7:19  Stalker x5  
  69  7:21  Immortal (Chrono Boost)  
  83  7:34  Probe x2  
  85  7:39  Pylon  
  85  7:41  Nexus  
  85  7:44  Pylon  
  85  7:48  Pylon  
  85  7:50  Probe  
  85  7:51  Probe  
  87  7:59  Resonating Glaives  
  87  8:03  Probe  
  88  8:12  Stalker x4  
  94  8:13  Stalker x3  
  98  8:41  Probe x2  
  98  8:45  Immortal (Chrono Boost)  
  102  8:49  Assimilator  
  102  8:53  Probe  
  102  8:54  Probe  
  102  8:55  Assimilator  
  104  8:57  Photon Cannon  
  104  8:59  Photon Cannon  
  104  9:02  Photon Cannon  
  104  9:03  Gateway  
  104  9:05  Probe  
  104  9:06  Probe  
  104  9:09  Pylon  
  106  9:17  Probe  
  107  9:43  Probe  
  108  9:59  Stalker x5  
  118  10:00  Stalker x2  
  122  10:09  Warp Prism (Chrono Boost)  
  124  10:22  Gateway  
  124  10:23  Stargate  
  124  10:24  Dark Shrine  
  124  10:29  Pylon  
  124  10:30  Stalker x5  
  124  10:31  Stalker x2  
  116  10:53  Adept x2  
  116  10:54  Adept x3  
  116  10:55  Adept x2  
  116  10:56  Adept  
Tags
 
Composition
MMM Bio
Matchup
PvT
Replay Pack
All Mines
Spawn Locations
Close Positions
Add a new tag
Caveats
  • Supply blocks, unpowered buildings, or Contaminate may cause inaccurate times.
  • Supply counts are checked every 10 seconds.